 Dungeon Crawl Stone Soup version 0.29-a0-817-g9904bce7a6 (webtiles) character file.

Game seed: 7462775647614396765

1089 zeratav the Skirmisher (level 8, -5/37 HPs)
             Began as a Spriggan Hunter on July 5, 2022.
             Was a Follower of Dithmenos.
             Shot with an arrow by a centaur (7 damage)
             ... on level 6 of the Dungeon.
             The game lasted 00:07:07 (6844 turns).

zeratav the Skirmisher (Spriggan Hunter)            Turns: 6844, Time: 00:07:08

Health: -5/37      AC:  4    Str:  7    XL:     8   Next: 9%
Magic:  9/9        EV: 18    Int: 10    God:    Dithmenos [*.....]
Gold:   267        SH:  0    Dex: 21    Spells: 7/7 levels left

rFire   . . .      SeeInvis +   a - +0 shortbow {bow}
rCold   . . .      Faith    .   (shield currently unavailable)
rNeg    . . .      Spirit   .   c - +0 robe
rPois   .          Reflect  .   (helmet restricted)
rElec   .          Harm     .   y - +1 cloak
rCorr   .          Rampage  .   (gloves unavailable)
Will    +....                   (boots unavailable)
Stlth   ++++......              (no amulet)
HPRegen 0.12/turn               (no ring)
MPRegen 0.11/turn               (no ring)

@: wreathed by umbra, very quick
A: very small, no large weapons, unfitting armour, see invisible, speed 3
a: Renounce Religion


You were on level 6 of the Dungeon.
You worshipped Dithmenos.
Dithmenos was aware of your devotion.
You visited 2 branches of the dungeon, and saw 7 of its levels.

You collected 267 gold pieces.


Innate Abilities, Weirdness & Mutations

You are very small and have problems with some larger weapons.
You are too small for most types of armour.
You have supernaturally acute eyesight. (SInv)
You cover ground extremely quickly. (Speed+++)


   Skills:
 - Level 1.5 Fighting
 - Level 10.0 Ranged Weapons
 - Level 2.6 Dodging
 + Level 4.7 Stealth


You had 7 spell levels left.
You didn't know any spells.
Your spell library contained the following spells:

 Spells                   Type           Power      Damage    Failure   Level
 Freeze                   Ice            0%         1d3       36%         1
 Sublimation of Blood     Necr           0%         N/A       50%         2
 Olgreb's Toxic Radiance  Pois           0%         N/A       98%         4
 Petrify                  Tmut/Erth      0%         N/A       98%         4
 Irradiate                Conj/Tmut      0%         3d13      100%        5
 Statue Form              Tmut/Erth      0%         N/A       100%        6
 Ozocubu's Refrigeration  Ice            0%         4d5       100%        7
 Ignition                 Fire           0%         3d3       100%        8
 Lehudib's Crystal Spear  Conj/Erth      0%         10d2      100%        8

Inventory:

Hand Weapons
 a - a +0 shortbow (weapon) {bow}
 z - a +1 hand axe of flaming {axe}
   (You took it off an orc on level 5 of the Dungeon)
Armour
 c - a +0 robe (worn)
 y - a +1 cloak (worn)
   (You found it on level 5 of the Dungeon)
Jewellery
 w - a ring of positive energy
   (You found it on level 5 of the Dungeon)
Wands
 j - a wand of paralysis (4)
   (You found it on level 2 of the Dungeon)
 o - a wand of flame (11)
   (You found it on level 3 of the Dungeon)
Scrolls
 b - 2 scrolls of immolation {!r!r}
 d - a scroll of blinking {unknown}
 f - a scroll of poison {!r}
 q - a scroll of brand weapon
 r - a scroll of fear
 s - 4 scrolls of teleportation {@r4}
 t - a scroll of vulnerability {!r!r}
 u - a scroll of summoning
 v - a scroll of identify {@r1}
Potions
 e - 2 potions of curing {@q1}
 g - 2 potions of brilliance {unknown}
 h - a potion of might {unknown}
 i - a potion of invisibility {unknown}
 k - 3 potions of attraction {!q}
 l - 2 potions of lignification {unknown}
 m - a potion of resistance {unknown}
 n - a potion of cancellation {unknown}
 p - 2 potions of heal wounds {@q2}
 A - a potion of magic {unknown}

Dungeon Overview and Level Annotations

Branches:
Dungeon (6/15) Zot: 26257  Temple (1/1) D:4 Zot: 5871

Altars:
Ashenzari
Cheibriados
Dithmenos
Elyvilon
Fedhas
Gozag
Hepliaklqana
Kikubaaqudgha
Makhleb
Nemelex Xobeh
Okawaru
Qazlal
Ru
Uskayaw
Wu Jian
Xom
Zin

#.# ####.# #....# #.####
#################.###############
...........................>.....
#################.##.###.##.#####
###.##......#.#
#.@.....#####.#####
#.###.........##.'รท ###### #.#
#............## .....##
#'####............. ####..#*###**
#c...#.............
##.#*,55.#*#588.#..###########
#.#,***#..#588.#..# #.#,*
#..'....#..# #.#,* #########..#


You could see a centaur and 2 white imps.


Message History

You open the door.
There is an open door here.
You now have 248 gold pieces (gained 12).
A jelly comes into view.
A jelly is nearby!
A jelly is nearby!
You shoot an arrow. The arrow hits the jelly!
The jelly quivers.
You shoot an arrow. The arrow hits the jelly.
You shoot an arrow. The arrow hits the jelly.
You shoot an arrow. The arrow hits the jelly.
The jelly hits you but does no damage.
You shoot an arrow. The arrow hits the jelly!
You kill the jelly!
Dithmenos accepts your kill.
Your Stealth skill increases to level 3!
No target in view!
An orc comes into view. It is wielding a +0 dagger.
An orc is nearby!
An orc is nearby!
You shoot an arrow. The arrow hits the orc!
You kill the orc!
Dithmenos accepts your kill.
You are shrouded in an aura of darkness!
No target in view!
No target in view!
s - 4 scrolls of teleportation {@r4} (gained 1)
An orc warrior comes into view. It is wielding a +0 dire flail.
An orc warrior is nearby!
You shoot an arrow. The arrow hits the orc warrior!
The orc warrior shouts!
An orc comes into view. It is wielding a +0 club.
You shoot an arrow.
The arrow hits the orc warrior but does no damage.
You shoot an arrow.
The arrow closely misses the orc warrior.
The arrow hits the orc.
You shoot an arrow. The arrow hits the orc warrior.
You shoot an arrow.
The arrow closely misses the orc warrior.
The arrow hits the orc.
You kill the orc!
Dithmenos accepts your kill.
You have reached level 8!
HP[+4] MP[+1]
You now have 37 max hp (+4).
Your hp is fully restored (37).
Your mp is fully restored (9).
You shoot an arrow.
The arrow hits the orc warrior but does no damage.
You shoot an arrow.
The arrow closely misses the orc warrior.
You shoot an arrow. The arrow hits the orc warrior.
You shoot an arrow. The arrow hits the orc warrior.
You shoot an arrow. The arrow hits the orc warrior.
You shoot an arrow. The arrow hits the orc warrior!
You kill the orc warrior!
Dithmenos accepts your kill.
Your Stealth skill increases to level 4!
Things that are here:
a +0 dire flail {mace}; a +0 chain mail
v - a scroll of identify {@r1} You see here a +0 club {mace}.
Things that are here:
a +0 dagger {short}; an orc corpse You now have 267 gold pieces (gained 19).
You open the door.
There is an open door here.
You open the door.
A centaur and a white imp come into view.
The white imp gestures at you. The puff of frost hits you!
HP[-8]
You take 8 damage, and now have 29/37 hp.
MASSIVE DAMAGE!! (PAUSE)
You shoot an arrow. The arrow hits the centaur.
The centaur shouts!
You hear a shout!
The centaur wields a +0 shortbow.
The centaur shoots an arrow.
The arrow hits you!
A white imp comes into view.
The centaur shoots an arrow.
The arrow hits you!
* * * LOW HITPOINT WARNING * * *
HP[-16]
You take 16 damage, and now have 13/37 hp.
MASSIVE DAMAGE!! (PAUSE)
You are too injured to fight recklessly!
You are too injured to fight recklessly!
You are too injured to fight recklessly!
You close the door.
A centaur opens the door.
There is an open door here.
HP[+1]
The centaur shoots an arrow.
The arrow hits you!
* * * LOW HITPOINT WARNING * * *
HP[-12]
You take 12 damage, and now have 2/37 hp.
MASSIVE DAMAGE!! (PAUSE)
You close the door.
A centaur opens the door.
The centaur shoots an arrow.
The arrow hits you!
You die...

Skill      XL: |  1  2  3  4  5  6  7  8 |
---------------+-------------------------+-----
Ranged Weapons | 5 6 7 8 10 | 10.0
Stealth        | 3 4 |  4.7
Fighting       | |  1.5
Dodging        | |  2.6

Action                   |  1- 3 |  4- 6 |  7- 9 || total
-------------------------+-------+-------+-------++-------
 Fire: Shortbow          |   135 |   133 |   104 ||   372
  Use: Scroll            |       |       |    10 ||    10
       Potion            |       |       |     2 ||     2
Armor: Robe              |     1 |     4 |     1 ||     6
Dodge: Dodged            |    44 |    34 |    11 ||    89

Levels and vault maps discovered:
D:1:      dpeg_arrival_shrine, layout_basic
D:2:      layout_basic
D:3:      layout_basic, ebering_ecumenical_altar_sacrificial, serial_rivers,
          chequers_serial_rivers_room_b, chequers_serial_rivers_large_b,
          chequers_serial_rivers_small_3, chequers_serial_rivers_small_3,
          chequers_serial_rivers_micro_d, minmay_misc_feat_four_crosses
D:4:      layout_cave_pods, minmay_temple_entry_stoned_glass, chequers_big_river
D:5:      layout_basic
D:6:      minmay_chambers_of_fours, layout_basic, dilly_guarded_unrand_throatcut
Temple:   minmay_crystal_spiral_temple

Notes
Turn   | Place    | Note
-------+----------+-------------------------------------------
     0 | D:1      | zeratav the Spriggan Hunter began the quest for the Orb.
     0 | D:1      | Reached XP level 1. HP: 10/10 MP: 2/2
     0 | D:1      | magus.rc [v1.9.6]
   395 | D:1      | HP: 1/10 [frozen (5)]
   410 | D:1      | Reached XP level 2. HP: 2/14 MP: 3/3
  1512 | D:2      | Reached skill level 5 in Ranged Weapons
  1720 | D:2      | Reached XP level 3. HP: 18/18 MP: 4/4
  2271 | D:3      | You add the spells Freeze, Statue Form and Lehudib's
                  | Crystal Spear to your library.
  2271 | D:3      | Got the Almanac of the Lithic Winter
  2317 | D:3      | You add the spells Olgreb's Toxic Radiance, Ozocubu's
                  | Refrigeration and Ignition to your library.
  2408 | D:3      | You pick up a book of Alchemy and begin reading...
  2408 | D:3      | You add the spells Sublimation of Blood, Petrify and
                  | Irradiate to your library.
  2655 | D:3      | Found a faded altar of an unknown god.
  2693 | D:3      | Reached XP level 4. HP: 22/22 MP: 5/5
  2939 | D:4      | Noticed a scorpion
  3008 | D:3      | Killed a scorpion
  3009 | D:3      | Reached skill level 6 in Ranged Weapons
  3009 | D:3      | Reached XP level 5. HP: 25/25 MP: 6/6
  3185 | D:4      | Found a staircase to the Ecumenical Temple.
  3194 | Temple   | Entered the Ecumenical Temple
  3368 | Temple   | Became a worshipper of Dithmenos the Shadowed
  3765 | D:4      | Reached skill level 7 in Ranged Weapons
  4083 | D:4      | Noticed an ogre
  4100 | D:4      | Killed an ogre
  4101 | D:4      | Reached XP level 6. HP: 30/30 MP: 7/7
  4426 | D:5      | Entered Level 5 of the Dungeon
  4917 | D:5      | Reached skill level 8 in Ranged Weapons
  5517 | D:5      | Reached XP level 7. HP: 13/33 MP: 8/8
  6347 | D:6      | Reached skill level 9 in Ranged Weapons
  6370 | D:6      | Noticed a troll
  6636 | D:6      | Killed a troll
  6637 | D:6      | Reached skill level 10 in Ranged Weapons
  6637 | D:6      | Reached skill level 2 in Stealth
  6753 | D:6      | Reached skill level 3 in Stealth
  6757 | D:6      | Reached * piety under Dithmenos
  6766 | D:6      | Reached XP level 8. HP: 37/37 MP: 9/9
  6783 | D:6      | Reached skill level 4 in Stealth
  6841 | D:6      | HP: 2/37 [centaur/arrow (12)]
  6844 | D:6      | Shot with an arrow by a centaur

Vanquished Creatures
  A troll (D:6)
  An ice beast (D:6)
  An orc warrior (D:6)
  A sky beast (D:6)
  An ogre (D:4)
  A scorpion (D:3)
  A necrophage (D:4)
  A hound (D:5)
  2 jellies (D:6)
  5 iguanas
  2 orc wizards (D:5)
  5 adders
  A white imp (D:5)
  2 ufetubi (D:5)
  4 worms
  10 orcs
  5 ball pythons
  4 bats
  4 endoplasms
  4 goblins
  11 hobgoblins
  2 quokkas
  4 frilled lizards
  6 kobolds
  5 rats
84 creatures vanquished.

Vanquished Creatures (others)
  2 plants (D:4)
2 creatures vanquished.

Grand Total: 86 creatures vanquished

Table legend:
 A = Non-vault XP
 B = Vault XP
 C = Vault XP percentage of total XP
 D = Non-vault monster count
 E = Vault monster count
 F = Vault count percentage of total count
                 A         B        C        D         E       F
            +---------+---------+-------+---------+---------+-------
      Total |    1556 |       0 |   0.0 |      84 |       0 |   0.0
            +---------+---------+-------+---------+---------+-------
        D:1 |      31 |       0 |   0.0 |      17 |       0 |   0.0
        D:2 |      21 |       0 |   0.0 |      10 |       0 |   0.0
        D:3 |     145 |       0 |   0.0 |      19 |       0 |   0.0
        D:4 |     255 |       0 |   0.0 |       9 |       0 |   0.0
        D:5 |     300 |       0 |   0.0 |      20 |       0 |   0.0
        D:6 |     804 |       0 |   0.0 |       9 |       0 |   0.0
            +---------+---------+-------+---------+---------+-------

Illustrated notes

Table legend:
 A = Kills in this place as a percentage of kills in entire the game.
 B = Kills by you in this place as a percentage of kills by you in the entire game.
 C = Kills by friends in this place as a percentage of kills by friends in the entire game.
 D = Other kills in this place as a percentage of other kills in the entire game.
 E = Experience gained in this place as a percentage of experience gained in the entire game.
 F = Experience gained in this place divided by the number of levels of this place that you have seen.
                   A       B       C       D       E      F
               +-------+-------+-------+-------+-------+----------------------
         Total | 100.0 | 100.0 |   N/A |   N/A | 100.0 | 222.3
       Dungeon | 100.0 | 100.0 |   N/A |   N/A | 100.0 | 259.3
               +-------+-------+-------+-------+-------+----------------------

Table legend: (Time is in decaauts)
 A = Elapsed time spent in this place.
 B = Non-inter-level travel time spent in this place.
 C = Inter-level travel time spent in this place.
 D = Time resting spent in this place.
 E = Time spent auto-exploring this place.
 F = Levels seen in this place.
 G = Mean time per level.
                   A        B        C        D        E       F      G
               +--------+--------+--------+--------+--------+-----+--------+
         Total |   5111 |   4906 |    205 |    889 |   3191 |   7 |  730.1 |
       Dungeon |   4982 |   4831 |    151 |    889 |   3127 |   6 |  830.3 |
        Temple |    128 |     75 |     53 |      0 |     64 |   1 |  128.0 |
               +--------+--------+--------+--------+--------+-----+--------+

Top non-repeatable levels by time:
     D:5: 1127 daAuts
     D:1: 850 daAuts
     D:4: 832 daAuts
     D:3: 783 daAuts
     D:6: 741 daAuts
     D:2: 646 daAuts
  Temple: 128 daAuts
